 Dungeon Crawl Stone Soup version 0.23.0 (webtiles) character file.

Game seed: 15823028120502765683

18 Laan the Caller (level 2, 0/15 HPs)
             Began as a Kobold Summoner on Feb 15, 2019.
             Succumbed to an adder's poison
             ... on level 2 of the Dungeon.
             The game lasted 00:04:27 (1349 turns).

Laan the Caller (Kobold Summoner)                   Turns: 1349, Time: 00:04:27

Health: 0/15       AC:  2    Str:  5    XL:     2   Next: 90%
Magic:  5/5        EV: 15    Int: 16    God:
Gold:   9          SH:  0    Dex: 15    Spells: 3/6 levels left

rFire    . . .     SeeInvis .   b - +0 dagger
rCold    . . .     Gourm    .   (shield restricted)
rNeg     . . .     Faith    .   a - +0 robe
rPois    .         Spirit   .   (no helmet)
rElec    .         Reflect  .   (no cloak)
rCorr    .         Harm     .   (no gloves)
MR       .....                  (no boots)
Stlth    ++........             (no amulet)
HPRegen  0.05/turn              (no ring)
MPRegen  0.09/turn              (no ring)

@: lethally poisoned (0 -> -7), very slightly contaminated
A: small, carnivore
a: no special abilities


You were on level 2 of the Dungeon.
You were very full.

You visited 1 branch of the dungeon, and saw 2 of its levels.

You collected 9 gold pieces.

Inventory:

Hand Weapons
 b - a +0 dagger (weapon)
Armour
 a - a +0 robe (worn)
Scrolls
 d - a scroll of immolation {unknown}
 e - a scroll of remove curse {unknown}
 f - a scroll of fog {unknown}
 g - a scroll of teleportation {unknown}
Comestibles
 c - 3 rations


   Skills:
 - Level 2.4 Dodging
 - Level 2.6 Stealth
 + Level 2.6 Spellcasting
 * Level 4.5 Summonings


You had 3 spell levels left.
You knew the following spells:

 Your Spells              Type           Power        Failure   Level  Hunger
a - Summon Small Mammal   Summ           ###.         3%          1    #......
b - Call Imp              Summ           ###.....     4%          2    ##.....

Your spell library contained the following spells:

 Spells                   Type           Power        Failure   Level  Hunger
 Call Canine Familiar     Summ           ###.....     9%          3    ###....
 Summon Guardian Golem    Hex/Summ       #.......     24%         3    ###....
 Summon Ice Beast         Ice/Summ       #.......     61%         4    #####..
 Summon Lightning Spire   Summ/Air       #.......     61%         4    #####..


Dungeon Overview and Level Annotations

Branches:
Dungeon (2/15)

Altars:


Innate Abilities, Weirdness & Mutations

You are small and have problems with some larger weapons.
You are carnivorous and can eat meat at any time.


Message History

You feel sick.
Your bat misses the adder.
Your bat hits the adder but does no damage.
The adder bites you.
Your bat misses the adder.
Your bat barely misses the adder.
Casting: Summon Small Mammal (safe; 3% risk of failure)
Confirm with . or Enter, or press ? or * to list all spells.
Your bat closely misses the adder.
Your bat completely misses the adder.
Your bat misses the adder. The adder bites you.
* * * LOW HITPOINT WARNING * * *
Your bat misses the adder.
It was a potion of magic.
Magic courses through your body.
* * * LOW HITPOINT WARNING * * *
You feel sick.
Your bat completely misses the adder.
Your bat misses the adder. The adder closely misses you.
Your bat hits the adder but does no damage. x2
The adder barely misses you.
You swap places.
Your bat closely misses the adder.
Your bat barely misses the adder.
The adder barely misses your bat.
Your quokka closely misses the adder.
You die...

... ... ... ..
... #.# ...
#..# .%. ##
#..####.###.$
#.$#.......
#.###.@........
#.....b..#..##
#..###r.##..#
... #Sb....#
.... #b#.<..#
.....#.#...##
#...........#
#........##.#
#......... .#


You could see an adder, a friendly quokka and 3 friendly bats.

Vanquished Creatures
  A dart slug (D:1)
  A goblin (D:1)
  A frilled lizard (D:1)
  A kobold (D:1)
  A rat (D:1)
5 creatures vanquished.

Vanquished Creatures (collateral kills)
  A worm (D:2)
  A dart slug (D:2)
  3 bats (D:1)
  3 goblins (D:1)
  3 hobgoblins (D:1)
  A frilled lizard (D:1)
  2 kobolds (D:1)
  2 rats (D:1)
16 creatures vanquished.

Grand Total: 21 creatures vanquished

Notes
Turn   | Place    | Note
-------+----------+-------------------------------------------
     0 | D:1      | Laan the Kobold Summoner began the quest for the Orb.
     0 | D:1      | Reached XP level 1. HP: 10/10 MP: 3/3
   531 | D:1      | Reached XP level 2. HP: 15/15 MP: 1/5
   597 | D:1      | Learned a level 2 spell: Call Imp
  1349 | D:2      | Succumbed to an adder's poison

Action                   || total
-------------------------++-------
Melee: Unarmed           ||     8
       Dagger            ||    25
 Cast: Summon Small Mamm ||    39
  Use: Potion            ||     1
 Stab: Sleeping          ||     2
       Distracted        ||     1
  Eat: Chunk             ||     9
Armor: Robe              ||    13
Dodge: Dodged            ||    56
